 Dungeon Crawl Stone Soup version 0.28-b1-25-g9875b3fc8c (webtiles) character file.

Game seed: 15929051978773850934

326 cayde69 the Chiller (level 6, 10/45 HPs)
             Began as a Draconian Ice Elementalist on Feb 1, 2022.
             Was a Believer of Kikubaaqudgha.
             Quit the game on level 5 of the Dungeon.
             The game lasted 00:16:16 (3368 turns).

cayde69 the Chiller (Draconian Ice Elementalist)    Turns: 3368, Time: 00:16:16

Health: 10/45      AC:  7    Str: 11    XL:     6   Next: 24%
Magic:  11/11      EV: 12    Int: 17    God:    Kikubaaqudgha [**....]
Gold:   142        SH:  0    Dex: 11    Spells: 10/12 levels left

rFire   . . .      SeeInvis .   f - staff of cold
rCold   + . .      Faith    .   (no shield)
rNeg    . . .      Spirit   .   (armour unavailable)
rPois   .          Reflect  .   (helmet restricted)
rElec   .          Harm     .   s - +0 cloak
rCorr   .          Rampage  .   (no gloves)
Will    .....                   (no boots)
Stlth   +.........              (no amulet)
HPRegen 0.15/turn               o - ring of wizardry
MPRegen 0.12/turn               (no ring)

@: confused
A: AC +6, unfitting armour, cold-blooded
a: Renounce Religion, Receive Corpses


You were on level 5 of the Dungeon.
You worshipped Kikubaaqudgha.
Kikubaaqudgha was pleased with you.
You visited 1 branch of the dungeon, and saw 5 of its levels.

You collected 142 gold pieces.

Inventory:

Hand Weapons
 p - a +0 short sword of flaming
 r - a +3 quarterstaff of chaos
Armour
 h - a +0 robe
 s - a +0 cloak (worn)
Magical Staves
 f - a staff of cold (weapon)
 n - a staff of conjuration
 q - a staff of air
Jewellery
 o - a ring of wizardry (left hand)
Scrolls
 a - a scroll of enchant armour {unknown}
 b - a scroll of identify {unknown}
 e - 2 scrolls of noise {unknown}
 k - a scroll of vulnerability {unknown}
 m - a scroll of enchant weapon {unknown}
Potions
 d - a potion of brilliance {unknown}
 g - a potion of cancellation {unknown}
 i - a potion of ambrosia {unknown}
 j - a potion of mutation {unknown}
 l - a potion of attraction {unknown}


   Skills:
 + Level 0.3 Short Blades
 + Level 2.4 Staves
 - Level 1.7 Dodging
 - Level 1.7 Stealth
 + Level 3.7 Spellcasting
 * Level 1.8 Necromancy
 + Level 5.5 Ice Magic


You had 10 spell levels left.
You knew the following spells:

 Your Spells              Type           Power      Damage    Failure   Level
a - Freeze                Ice            100%       1d11      1%          1
b - Animate Skeleton      Necr           18%        N/A       3%          1

Your spell library contained the following spells:

 Spells                   Type           Power      Damage    Failure   Level
 Frozen Ramparts          Ice            66%        1d8       1%          3
 Ozocubu's Armour         Ice            33%        N/A       1%          3
 Sublimation of Blood     Necr           9%         N/A       4%          2
 Vampiric Draining        Necr           9%         2d6       9%          3
 Hailstorm                Conj/Ice       19%        3d6       21%         4
 Agony                    Necr           9%         N/A       61%         5


Dungeon Overview and Level Annotations

Branches:
Dungeon (5/15)
 Temple: D:4-7

Altars:
Kikubaaqudgha
Nemelex Xobeh
Ru


Innate Abilities, Weirdness & Mutations

Your plain brown scales are hard. (AC +6)
You cannot fit into any form of body armour.
You are cold-blooded and may be slowed by cold attacks.


Message History

The endoplasm hits you but does no damage.
The orc closely misses you.
You barely miss something.
You hear some strange, mumbled words.
A magic dart appears from out of thin air!
The magic dart hits you.
* * * LOW HITPOINT WARNING * * *
The endoplasm hits you but does no damage.
The orc hits you but does no damage.
You can't go down here!
You feel less confused. Something hits you but does no damage.
The endoplasm completely misses you. The orc hits you but does no damage.
You climb upwards.
Reactivating autopickup.
The giant cockroach bites you but does no damage.
The goblin barely misses you. The orc closely misses you.
The hobgoblin hits you but does no damage.
The orc misses you.
The giant cockroach bites you but does no damage.
The goblin closely misses you. The orc closely misses you.
There is a stone staircase leading down here.
You hear some strange, mumbled words.
Deactivating autopickup; reactivate with Ctrl-A.
You are confused.
The hobgoblin hits you.
* * * LOW HITPOINT WARNING * * *
The orc closely misses you.
The giant cockroach bites you but does no damage.
The endoplasm freezes you.
You are frozen.
You resist.
* * * LOW HITPOINT WARNING * * *
The orc completely misses you. The goblin hits you but does no damage.
The orc barely misses you.
You climb downwards.
Reactivating autopickup.
There is a stone staircase leading up here.
Unknown command.
You are too confused!
Are you sure you want to abandon this character and quit the game? (Confirm with "yes".)

#.... ...
#..#. ...
..#. .... ...
.....
###..###.#...
#............
#.ogB......
#.o@...#
#.oJg.#...#
#........ .
#.......#..
#.#...#.#
#.........
#.....#....
###........


You could see 3 orcs, an endoplasm, a giant cockroach, a hobgoblin and a goblin.

Vanquished Creatures
  An ice beast (D:3)
  Crazy Yiuf (D:3)
  Natasha (thrice) (D:2)
  A hound skeleton (D:4)
  5 adders
  A worm (D:2)
  5 dart slugs
  4 orcs
  5 ball pythons
  5 bats
  3 endoplasms
  4 giant cockroaches
  5 goblins
  3 hobgoblins
  4 kobolds
  3 quokkas
  4 frilled lizards
  6 rats
63 creatures vanquished.

Vanquished Creatures (collateral kills)
  A ball python (D:2)
  A bat (D:3)
2 creatures vanquished.

Grand Total: 65 creatures vanquished

Notes
Turn   | Place    | Note
-------+----------+-------------------------------------------
     0 | D:1      | cayde69 the Draconian Ice Elementalist began the quest for
                  | the Orb.
     0 | D:1      | Reached XP level 1. HP: 14/14 MP: 3/3
   224 | D:1      | Reached XP level 2. HP: 19/20 MP: 1/5
   872 | D:2      | Noticed Natasha
   882 | D:2      | Killed Natasha
   883 | D:2      | Reached XP level 3. HP: 26/26 MP: 2/6
  1062 | D:2      | Found a faded altar of an unknown god.
  1080 | D:2      | Reached skill level 1 in Staves
  1086 | D:2      | Reached skill level 5 in Ice Magic
  1150 | D:2      | Prayed at the altar of an unknown god.
  1150 | D:2      | Became a worshipper of Kikubaaqudgha
  1150 | D:2      | Reached * piety under Kikubaaqudgha
  1150 | D:2      | Received a gift from Kikubaaqudgha
  1178 | D:2      | Learned a level 1 spell: Animate Skeleton
  1275 | D:2      | Reached XP level 4. HP: 33/33 MP: 6/8
  1294 | D:2      | Found a sparkling altar of Nemelex Xobeh.
  1297 | D:2      | Noticed Natasha
  1308 | D:2      | Killed Natasha
  1430 | D:2      | Noticed Natasha
  1437 | D:2      | Killed Natasha
  1947 | D:2      | Reached XP level 5. HP: 38/38 MP: 7/9
  2069 | D:3      | Found a sacrificial altar of Ru.
  2117 | D:3      | Reached ** piety under Kikubaaqudgha
  2294 | D:3      | Reached skill level 1 in Necromancy
  2628 | D:3      | Found a runed translucent door.
  2629 | D:3      | Noticed Crazy Yiuf
  2776 | D:3      | Noticed an ice beast
  2846 | D:3      | Killed an ice beast
  3081 | D:3      | Killed Crazy Yiuf
  3082 | D:3      | Reached XP level 6. HP: 34/45 MP: 7/11
  3347 | D:5      | Entered Level 5 of the Dungeon
  3359 | D:5      | HP: 2/45 [frozen (2)]
  3368 | D:5      | Quit the game

Illustrated notes

Levels and vault maps discovered:
D:1:      sevenhm_arrival_forest_fort_small_4, layout_basic
D:2:      layout_basic, hellmonk_ecumenical_altar_arch_garden, basic_altar,
          minmay_tetromino_o4, uniq_natasha
D:3:      layout_loops_cross, nicolae_overflow_crystal_walls, serial_glass,
          glass_columns_a, glass_columns_b, glass_columns_b, glass_columns_a,
          glass_columns_b, glass_columns_a, uniq_crazy_yiuf_cottage
D:4:      layout_cave_pools, lemuel_temple_firewalk_a,
          hangedman_decor_clover_reticule
D:5:      layout_basic, nicolae_overflow_hidden_temple, minmay_circle_x

Skill      XL: |  1  2  3  4  5 |
---------------+----------------+-----
Staves         | 1 2 |  2.4
Ice Magic      | 5 |  5.5
Spellcasting   | 3 |  3.7
Necromancy     | 1 |  1.8
Short Blades   | |  0.3
Dodging        | |  1.7
Stealth        | |  1.7

Action                   |  1- 3 |  4- 6 || total
-------------------------+-------+-------++-------
Melee: Staff             |    19 |   145 ||   164
       Tailslap          |     3 |    21 ||    24
       Short sword       |       |     8 ||     8
       Punch             |       |     1 ||     1
 Cast: Freeze            |    31 |    17 ||    48
       Animate Skeleton  |       |     5 ||     5
  Use: Potion            |       |     2 ||     2
 Stab: Sleeping          |     1 |     2 ||     3
Armor: Skin              |    15 |    77 ||    92
Dodge: Dodged            |    25 |   143 ||   168
